Map: Hielo y cromo EE

Players

MrFercho

  • Race: Zerg Zerg
  • League: Gold
  • Spawn Location: 7:00

Rattini - Winner!

  • Race: Terran Terran
  • League: Platinum
  • Spawn Location: 1:00

VOD

Have the link to the VOD?

Description

Time

  • Played on: Aug. 20, 2020, 8:07 p.m.
  • Length: 10:50
Show
View Real Time Build Order
Export as new Build Order

MrFercho Zerg 

Build Orders: Hatch First 

Get SALT Encoding   

  12  0:01  Drone  
  13  0:13  Overlord  
  13  0:18  Drone  
  14  0:33  Drone x2  
  16  0:52  Drone  
  16  0:54  Hatchery  
  16  0:55  Drone  
  17  0:59  Drone  
  18  1:09  Extractor  
  17  1:16  Spawning Pool  
  16  1:19  Drone  
  16  1:22  Drone  
  18  1:32  Drone  
  19  1:42  Overlord  
  19  1:51  Drone  
  20  2:04  Drone  
  20  2:06  Queen x2  
  20  2:08  Zergling x2  
  26  2:13  Zergling x2  
  27  2:22  Metabolic Boost  
  27  2:24  Drone x2  
  29  2:31  Drone  
  29  2:33  Overlord  
  30  2:43  Drone  
  31  2:50  Drone  
  31  2:51  Drone  
  33  2:59  Drone  
  34  3:08  Lair  
  34  3:13  Queen  
  34  3:15  Drone x3  
  39  3:28  Drone x3  
  42  3:35  Evolution Chamber  
  42  3:38  Overlord x3, Roach Warren  
  40  3:43  Zergling x6  
  40  3:46  Zergling x2  
  44  4:07  Drone x5  
  49  4:22  Glial Reconstitution  
  49  4:24  Extractor, Zerg Missile Weapons Level 1  
  48  4:32  Evolution Chamber  
  48  4:34  Baneling Nest  
  48  4:37  Zergling x10  
  51  4:39  Drone  
  51  4:41  Overlord  
  51  4:43  Extractor  
  51  4:50  Spore Crawler  
  51  4:52  Queen  
  52  4:58  Queen, Spore Crawler  
  52  4:59  Overlord  
  53  5:28  Drone x3  
  56  5:29  Drone  
  56  5:30  Drone x2  
  56  5:31  Drone x2  
  56  5:32  Drone x2  
  56  5:33  Overlord  
  63  5:38  Zerg Ground Armor Level 1  
  63  5:52  Pneumatized Carapace  
  63  6:18  Hatchery  
  62  6:44  Zergling x2  
  62  6:45  Zergling x6  
  65  7:03  Extractor  
  64  7:10  Drone x11  
  64  7:12  Overlord  
  75  7:18  Baneling  
  75  7:19  Baneling x4, Centrifical Hooks  
  75  7:22  Zerg Missile Weapons Level 2  
  75  7:31  Hydralisk Den  
  75  7:33  Drone  
  75  7:37  Zerg Ground Armor Level 2  
  75  7:41  Roach  
  75  7:42  Overlord, Roach x2  
  75  7:43  Overlord x3  
  81  8:34  Overlord x3  
  81  8:38  Overlord x2  
  81  8:45  Muscular Augments  
  83  8:48  Roach x5  
  83  8:49  Roach x6  
  83  8:51  Baneling x3  
  98  9:22  Drone x2  
  98  9:23  Drone  
  101  9:26  Zergling x12  
  101  9:30  Overseer  
  109  9:33  Spore Crawler  
  109  9:34  Overseer  
  109  9:38  Hydralisk x5  
  117  9:48  Hydralisk  
  117  9:49  Hydralisk  
  123  9:53  Ravager  
  92  10:14  Hydralisk x2  
  92  10:15  Hydralisk x3  
  77  10:25  Spine Crawler  
Show
View Real Time Build Order
Export as new Build Order

Rattini Terran - Winner!

Build Orders: Reaper Expand 

Get SALT Encoding   

  12  0:00  SCV  
  13  0:20  Supply Depot  
  13  0:24  SCV  
  14  0:36  SCV  
  15  0:44  Barracks  
  15  0:48  SCV  
  16  0:50  Refinery  
  16  1:00  SCV  
  17  1:12  SCV  
  18  1:24  SCV  
  19  1:38  Orbital Command  
  19  1:44  Barracks Reactor  
  19  1:45  Command Center  
  19  1:51  Reaper  
  20  2:06  SCV  
  21  2:09  Supply Depot  
  21  2:18  SCV  
  22  2:25  Factory  
  22  2:32  Refinery  
  22  2:38  Barracks Reactor  
  22  2:39  SCV  
  23  2:51  SCV  
  24  3:01  SCV  
  24  3:03  SCV  
  26  3:11  Starport  
  26  3:13  SCV  
  26  3:15  Marine x2  
  29  3:33  Marine x2  
  29  3:34  SCV x2  
  33  3:46  Orbital Command, SCV  
  34  3:58  SCV  
  34  4:00  Starport Reactor  
  35  4:10  SCV  
  35  4:15  SCV  
  37  4:22  Marine, SCV  
  39  4:26  Hellion x2  
  39  4:27  SCV  
  44  4:34  SCV  
  45  4:39  SCV  
  46  4:46  Supply Depot  
  46  4:47  Supply Depot x2  
  46  4:50  Factory  
  46  4:58  Factory  
  46  5:02  Refinery  
  46  5:08  Medivac, Hellion, Marine, SCV x2  
  46  5:09  Hellion  
  46  5:11  Refinery  
  57  5:14  Viking  
  57  5:20  SCV x2  
  59  5:26  Marine  
  60  5:30  Hellion x2  
  60  5:32  SCV  
  60  5:33  SCV  
  66  5:36  Armory  
  66  5:38  Viking  
  68  5:43  Marine  
  68  5:44  SCV  
  70  5:50  Command Center  
  70  5:52  Factory Tech Lab  
  70  5:53  Factory Tech Lab  
  70  6:03  Supply Depot  
  70  6:06  Supply Depot x2  
  70  6:09  Supply Depot  
  70  6:24  Marine  
  70  6:25  Hellion x2, SCV x2  
  77  6:27  Viking x2  
  77  6:32  Thor x2  
  93  6:37  SCV x2  
  95  6:42  Marine  
  95  6:46  Hellion, Hellbat  
  100  6:49  SCV x2  
  102  7:00  Armory  
  102  7:02  SCV x2  
  102  7:04  Supply Depot  
  102  7:08  Hellbat  
  106  7:14  Supply Depot, SCV  
  106  7:15  Thor, SCV  
  114  7:16  Marine  
  114  7:19  Supply Depot  
  115  7:26  SCV  
  115  7:27  SCV  
  117  7:31  Thor  
  117  7:32  Hellbat  
  117  7:35  Marine  
  117  7:36  Hellbat  
  128  7:38  SCV  
  128  7:39  SCV  
  128  7:42  Orbital Command  
  130  7:50  SCV  
  131  7:51  SCV  
  131  7:53  Hellbat  
  131  7:56  Marine  
  135  8:01  Thor  
  141  8:06  Refinery  
  141  8:10  Supply Depot  
  141  8:15  Supply Depot  
  141  8:18  Terran Vehicle And Ship Armor Level 1, Terran Vehicle Weapons Level 1  
  141  8:31  Marine  
  141  8:32  Hellbat x2, SCV x2  
  148  8:37  Hellbat  
  151  8:44  Hellbat, SCV x2  
  151  8:47  Refinery  
  154  8:53  SCV  
  154  8:55  Marine  
  156  8:56  SCV  
  157  9:05  Supply Depot  
  157  9:06  Supply Depot  
  157  9:07  Supply Depot  
  157  9:13  Thor, Hellbat x2  
  154  9:23  Supply Depot x3  
  154  9:26  Thor  
  154  9:29  Supply Depot  
  154  9:30  Supply Depot  
  160  9:35  Hellbat x2  
  160  9:52  Marine  
  161  9:53  Factory  
  161  9:55  Factory  
  161  9:56  Thor, Hellbat x2  
  169  10:08  Viking x2  
  169  10:10  Marine  
  173  10:17  Hellbat x2  
  168  10:27  Marine  
Tags
 
Add a new tag
Caveats
  • Supply blocks, unpowered buildings, or Contaminate may cause inaccurate times.
  • Supply counts are checked every 10 seconds.